 Dungeon Crawl Stone Soup version 0.31-a0-819-gf6de2f5ab6 (webtiles) character file.

Game seed: 11758110580273834627

55 qw the Shooter (level 3, -2/22 HPs)
             Began as a Gargoyle Hunter on Sept 23, 2023.
             Killed by divine providence
             ... invoked by an orc priest
              (13 damage)
             ... on level 2 of the Dungeon.
             The game lasted 00:00:29 (1626 turns).

qw the Shooter (Gargoyle Hunter)                    Turns: 1626, Time: 00:00:30

Health: -2/22      AC:  8    Str: 20    XL:     3   Next: 93%
Magic:  3/3        EV: 11    Int:  9    God:
Gold:   97         SH:  0    Dex: 15    Spells: 2/2 levels left

rFire   . . .        b - +0 shortbow (heavy)
rCold   . . .        (shield currently unavailable)
rNeg    + . .        g - +0 ring mail
rPois   inf          (no helmet)
rElec   +            (no cloak)
rCorr   .            (no gloves)
SInv    +            (no boots)
Will    +....        (no amulet)
Stlth   +            d - +6 ring of strength
HPRegen 0.23/turn    (no ring)
MPRegen 0.08/turn

%: no passive effects
@: no status effects
A: sickness immunity, AC +3, negative energy resistance 1, electricity
resistance, torment resistance 1, petrification resistance, see invisible,
strong-willed 1
a: no special abilities


You were on level 2 of the Dungeon.
You visited 1 branch of the dungeon, and saw 3 of its levels.

You collected 97 gold pieces.


Innate Abilities, Weirdness & Mutations

You are immune to sickness and miasma.
Your stone body is resilient. (AC +3)
You are immune to poison.
You resist negative energy. (rN+)
You are resistant to electric shocks. (rElec)
You are resistant to unholy torment.
You are immune to petrification.
You have supernaturally acute eyesight. (SInv)
You are strong-willed. (Will+)


   Skills:
 + Level 2.8 Fighting
 - Level 5.0 Ranged Weapons
 - Level 1.0 Armour
 - Level 1.5 Dodging
 - Level 1.1 Stealth


You had 2 spell levels left.
You didn't know any spells.
Your spell library was empty.

Inventory:

Hand Weapons
 b - a +0 heavy shortbow (weapon)
Armour
 g - a +0 ring mail (worn)
Jewellery
 d - a +6 ring of strength (left hand)
Potions
 a - a potion of heal wounds
 f - a potion of attraction {unknown}
 h - 2 potions of curing
 i - a potion of mutation

Dungeon Overview and Level Annotations

Branches:
Dungeon (3/15)

Altars:
Sif Muna

Shops:
D:2 =


Message History

You kill the orc!
You start resting.
HP restored.
Done exploring.
What level of the Dungeon? (default 3, ? - help)
You climb downwards.
The orc hits you but does no damage.
A quokka comes into view.
The orc misses you.
The orc priest invokes the aid of Beogh against you.
You resist with significant effort.
The quokka moves out of view.
There is a stone staircase leading up here.
1621 ||| STAIRDANCE The orc closely misses you.
The orc priest hits you with a +0 club. The orc closely misses you.
You climb upwards.
There is a stone staircase leading down here.
You shoot an arrow. The arrow hits the orc priest.
The orc priest is moderately wounded.
The orc priest hits you but does no damage.
The orc hits you with a +0 dagger. The orc misses you.
The orc priest casts a cantrip, but nothing happens.
The orc hits you but does no damage. x2
You shoot an arrow.
The arrow hits the orc priest but does no damage.
The orc priest is moderately wounded.
The orc priest hits you but does no damage.
The orc hits you but does no damage. The orc hits you with a +0 club.
You shoot an arrow. The arrow barely misses the orc priest.
The orc priest hits you but does no damage.
The orc closely misses you. The orc hits you but does no damage.
The orc priest hits you with a +0 club. The orc closely misses you.
The orc hits you with a +0 club.
You shoot an arrow. The arrow hits the orc priest!
The orc priest is severely wounded.
The orc priest hits you with a +0 club. The orc barely misses you.
The orc hits you but does no damage.
The orc priest mumbles some strange prayers to Beogh against you.
Beogh smites you!
Ouch! That really hurt!
You die...

#.########.# #.# #.#
#.# #.# #####'#### #.#
#........#####.#
#........#.....# ####
#........#.##### #...
#.....o..#.# #.#.
#...o@...#.########.#.
#....o...+........%...
#........#.########.#.
#.)......#..........#.
######..#############.
##..####........#
##(...+.........
##..##........#
#..##.......%#


You could see an orc priest and 2 orcs.

Vanquished Creatures
  A worm (D:2)
  2 dart slugs
  An orc (D:2)
  6 bats
  5 endoplasms
  3 giant cockroaches
  5 goblins
  3 hobgoblins
  4 jackals (D:2)
  3 kobolds
  2 quokkas (D:2)
  A ball python (D:2)
  4 rats
40 creatures vanquished.

Notes
Turn   | Place    | Note
-------+----------+-------------------------------------------
     0 | D:1      | qw the Gargoyle Hunter began the quest for the Orb.
     0 | D:1      | Reached XP level 1. HP: 12/12 MP: 1/1
     0 | D:1      | 0 ||| qw: Version: 0.3-a-83-gcd0e7d8
     0 | D:1      | 0 ||| qw: Game counter: 1592
     0 | D:1      | 0 ||| qw: Melee chars always use a shield: true
     0 | D:1      | 0 ||| qw: God list: Okawaru
     0 | D:1      | 0 ||| qw: Allow faded altars: false
     0 | D:1      | 0 ||| qw: Do Orc after clearing Dungeon:15 true
     0 | D:1      | 0 ||| qw: Do second Lair branch before Depths: true
     0 | D:1      | 0 ||| qw: Lair rune preference: random
     0 | D:1      | 0 ||| qw: Goals: Normal
     0 | D:1      | 0 ||| PLANNING D:1-11
   155 | D:1      | Reached XP level 2. HP: 17/17 MP: 2/2
   925 | D:1      | 925 ||| UPGRADING to +0 ring mail.
   935 | D:1      | 935 ||| DROPPING +0 leather armour.
   936 | D:1      | 936 ||| UPGRADING to +6 ring of strength.
   937 | D:1      | 937 ||| READING scroll labelled PYATSO IF QYOC.
   938 | D:1      | 938 ||| DRINKING 2 purple potions.
   939 | D:1      | 939 ||| DROPPING scroll of butterflies.
  1045 | D:2      | Reached XP level 3. HP: 21/21 MP: 3/3
  1046 | D:2      | Reached skill level 1 in Armour
  1082 | D:2      | Found Hirylixo's Jewellery Boutique.
  1083 | D:2      | Found a shimmering blue altar of Sif Muna.
  1091 | D:2      | 1091 ||| SHOPLISTING +6 ring of dexterity (396 gold, have
                  | 58).
  1091 | D:2      | 1091 ||| SHOPLISTING +6 ring of strength (396 gold, have
                  | 58).
  1091 | D:2      | 1091 ||| SHOPLISTING amulet "Rana" {Reflect rCorr Str+3
                  | Int+2 SH+5 Stlth+} (614 gold, have 58).
  1091 | D:2      | 1091 ||| SHOPLISTING amulet of regeneration (330 gold, have
                  | 58).
  1091 | D:2      | 1091 ||| SHOPLISTING ring of positive energy (220 gold,
                  | have 58).
  1150 | D:2      | Reached skill level 5 in Ranged Weapons
  1555 | D:2      | 1555 ||| READING scroll labelled SUTUSHYOXT.
  1558 | D:2      | 1558 ||| READING scroll labelled ZUKUYS BOTUBO.
  1559 | D:2      | 1559 ||| READING scroll labelled LYARUO GEOTHOP.
  1560 | D:2      | 1560 ||| DRINKING 2 fizzy brown potions.
  1561 | D:2      | 1561 ||| DRINKING 2 smoky grey potions.
  1561 | D:2      | Gained mutation: You are strong-willed. (Will+) [potion of
                  | mutation]
  1561 | D:2      | Gained mutation: You have supernaturally acute eyesight.
                  | (SInv) [potion of mutation]
  1579 | D:3      | 1579 ||| STAIRDANCE
  1621 | D:3      | 1621 ||| STAIRDANCE
  1626 | D:2      | Killed from afar by an orc priest

Levels and vault maps discovered:
D:1:      dpeg_arrival_signposts, layout_basic
D:2:      layout_basic, basic_altar, serial_shops, shop_statue,
          small_statue_intersection
D:3:      layout_basic, tgw_trog, guppyfry_early_orc_mine

Skill      XL: |  1  2  3 |
---------------+----------+-----
Armour         | 1 |  1.0
Ranged Weapons | 5 |  5.0
Fighting       | |  2.8
Dodging        | |  1.5
Stealth        | |  1.1

Action                     || total
---------------------------++-------
   Fire: Shortbow          ||    99
    Use: Scroll            ||     4
         Potion            ||     3
 Armour: Ring mail         ||    34
         Leather armour    ||     3
  Dodge: Dodged            ||    43

Table legend:
 A = Non-vault XP
 B = Vault XP
 C = Vault XP percentage of total XP
 D = Non-vault monster count
 E = Vault monster count
 F = Vault count percentage of total count
                 A         B        C        D         E       F
            +---------+---------+-------+---------+---------+-------
      Total |      79 |       0 |   0.0 |      40 |       0 |   0.0
            +---------+---------+-------+---------+---------+-------
        D:1 |      28 |       0 |   0.0 |      15 |       0 |   0.0
        D:2 |      51 |       0 |   0.0 |      25 |       0 |   0.0
            +---------+---------+-------+---------+---------+-------
